 Dungeon Crawl Stone Soup version 0.29.0-4-gdea44cf6ec (webtiles) character file.

Game seed: 3443409994257062091

47 greasedhog the Trooper (level 3, -2/24 HPs)
             Began as a Gargoyle Fighter on Aug 27, 2022.
             Slain by Crazy Yiuf
             ... wielding a +4 quarterstaff of chaos
              (7 damage)
             ... while paralysed by Crazy Yiuf
             ... on level 2 of the Dungeon.
             The game lasted 00:01:40 (1280 turns).

greasedhog the Trooper (Gargoyle Fighter)           Turns: 1280, Time: 00:01:41

Health: -2/24      AC: 12    Str: 21    XL:     3   Next: 70%
Magic:  3/3        EV:  2    Int:  8    God:
Gold:   17         SH:  0    Dex:  9    Spells: 2/2 levels left

rFire   . . .      SeeInvis .   a - +0 flail
rCold   . . .      Faith    .   c - +0 buckler
rNeg    + . .      Spirit   .   e - +0 chain mail
rPois   ∞          Reflect  .   (no helmet)
rElec   +          Harm     .   (no cloak)
rCorr   .          Rampage  .   (no gloves)
Will    .....                   (no boots)
Stlth   ..........              (no amulet)
HPRegen 0.08/turn               (no ring)
MPRegen 0.08/turn               (no ring)

@: paralysed, mighty
A: sickness immunity, AC +3, negative energy resistance 1, electricity
resistance, torment resistance 1, petrification resistance
a: no special abilities


You were on level 2 of the Dungeon.
You visited 1 branch of the dungeon, and saw 2 of its levels.

You collected 17 gold pieces.

Inventory:

Hand Weapons
 a - a +0 flail (weapon)
Armour
 c - a +0 buckler (worn)
 e - a +0 chain mail (worn)
Jewellery
 b - a +6 ring of strength
Scrolls
 g - a scroll of torment
 h - 2 scrolls of enchant armour {unknown}


   Skills:
 * Level 4.2 Fighting
 * Level 3.1 Maces & Flails
 - Level 3.2 Armour
 - Level 3.2 Shields


You had 2 spell levels left.
You didn't know any spells.
Your spell library contained the following spells:

 Spells                   Type           Power      Damage    Failure   Level
 Stone Arrow              Conj/Erth      0%         3d7       100%        3
 Animate Armour           Summ/Erth      0%         N/A       100%        4
 Lehudib's Crystal Spear  Conj/Erth      0%         10d2      100%        8


Dungeon Overview and Level Annotations

Branches:
Dungeon (2/15)

Altars:

Shops:
D:1 [

Annotations:
D:2 Crazy Yiuf


Innate Abilities, Weirdness & Mutations

You are immune to sickness and miasma.
Your stone body is resilient. (AC +3)
You are immune to poison.
You resist negative energy. (rN+)
You are resistant to electric shocks. (rElec)
You are resistant to unholy torment.
You are immune to petrification.


Message History

You sock the worm!
The worm is severely wounded.
The worm barely misses you.
You thump the worm!
You kill the worm!
h - 2 scrolls labelled YLUDUQ WULLAO (gained 1)
An adder comes into view.
Found 5 gold pieces.
The adder hisses angrily.
You see here 5 gold pieces.
You now have 17 gold pieces (gained 5).
The adder completely misses you.
You hit the adder.
The adder is heavily wounded.
The adder bites you but does no damage. The adder barely misses you.
You thump the adder!
You kill the adder!
Your Maces & Flails skill increases to level 3!
You see here an adder corpse.
An adder comes into view.
The adder hisses angrily.
You miss the adder. The adder bites you. You block the adder's attack.
You thump the adder!
You kill the adder!
You see here an adder corpse.
b - a +6 ring of strength
Found a ring mail.
Found a hammer.
Found a runed translucent door.
Crazy Yiuf shouts!
You feel very mighty all of a sudden.
You open the door. You hit Crazy Yiuf.
Crazy Yiuf is moderately wounded.
Crazy Yiuf closely misses you.
Crazy Yiuf hits you with a +4 quarterstaff of chaos!
You suddenly lose the ability to move!
Crazy Yiuf hits you with a +4 quarterstaff of chaos!
Ouch! That really hurt!
* * * LOW HITPOINT WARNING * * *
Crazy Yiuf hits you with a +4 quarterstaff of chaos!
You die...

.........#####....#
#####.##...# ##..##
......###### ♣....♣
####### ♣...♣♣
♣♣.♣♣ ♣.♣♣ ♣♣.♣
♣.♣♣ ♣♣@♣ #g# ...
#...# #..)# #####


You could see Crazy Yiuf.

Vanquished Creatures
  2 adders (D:2)
  A worm (D:2)
  2 dart slugs (D:1)
  4 endoplasms (D:1)
  2 goblins (D:1)
  A hobgoblin (D:1)
  2 quokkas (D:1)
  2 ball pythons (D:1)
  3 frilled lizards
  3 kobolds
  A rat (D:1)
23 creatures vanquished.

Notes
Turn   | Place    | Note
-------+----------+-------------------------------------------
     0 | D:1      | greasedhog the Gargoyle Fighter began the quest for the
                  | Orb.
     0 | D:1      | Reached XP level 1. HP: 14/14 MP: 1/1
   107 | D:1      | Found a faded altar of an unknown god.
   195 | D:1      | Reached XP level 2. HP: 19/19 MP: 2/2
   374 | D:1      | Found Jota Iqe's Antique Armour Emporium.
  1024 | D:1      | Reached XP level 3. HP: 24/24 MP: 3/3
  1078 | D:2      | Reached skill level 4 in Fighting
  1272 | D:2      | Found a runed translucent door.
  1273 | D:2      | Noticed Crazy Yiuf
  1278 | D:2      | Paralysed by Crazy Yiuf for 5 turns
  1280 | D:2      | Slain by Crazy Yiuf

Illustrated notes

Levels and vault maps discovered:
D:1:      roderic_octagonal_star, layout_loops_corners,
          ebering_ecumenical_altar_abandoned, serial_shops, shop
D:2:      layout_loops_ring, uniq_crazy_yiuf_cottage

Skill      XL: |  1  2  3 |
---------------+----------+-----
Fighting       | 4 |  4.2
Maces & Flails | 3 |  3.1
Armour         | |  3.2
Shields        | |  3.2

Action                   || total
-------------------------++-------
Melee: Flail             ||    64
  Use: Scroll            ||     2
       Potion            ||     1
Armor: Scale mail        ||    17
       Chain mail        ||     8
Dodge: Dodged            ||    24
Block: Buckler           ||    12
